[Event "BLR-ch U20 Boys 2021"]
[Site "Minsk"]
[Date "2021.04.20"]
[Round "2.2"]
[White "Runets, Ivan"]
[Black "Siniauski, Artsiom"]
[Result "0-1"]
[ECO "E16"]
[WhiteElo "2257"]
[BlackElo "2277"]
[Annotator "RC"]
[PlyCount "104"]
[EventDate "2021.04.20"]
[EventType "tourn"]
[EventCountry "BLR"]
[SourceTitle "playchess.com"]
[Source "ChessBase"]
[SourceQuality "1"]
[TimeControl "40/5400+30:1800+30"]

1. d4 Nf6 2. c4 e6 3. Nf3 b6 4. g3 Bb4+ 5. Bd2 Be7 6. Nc3 c6 7. Bf4 d5 8. Bg2 O-O 9. Nd2 Bb7 10. O-O Nbd7 11. e4 dxc4 12. a4 b5 13. axb5 cxb5 14. Nxb5 Nb6 15. Be3 Bb4 16. Nc3 a5 17. g4 Nfd7 18. Qe2 f5 19. f3 f4 20. Bf2 e5 21. Rfd1 Qf6 22. Ndb1 Rfd8 23. Na3 exd4 24. Bxd4 Bc5 25. Nab5 Bxd4+ 26. Rxd4 Ne5 27. Rxd8+ Qxd8 28. Rd1 Qe7 29. Qf2 Nbd7 30. Nd6 Nd3 31. Qd4 N7e5 32. Nxc4 Rd8 33. Nd5 Bxd5 34. Nxe5 Bb3 35. Nc6 Rxd4 36. Nxe7+ Kf7 37. Nf5 Bxd1 38. Nxd4 Nxb2 39. Nb5 a4 40. Kf2 Nd3+ 41. Kg1 Kf6 42. h4 Ke5 43. g5 Ne1 44. Kf2 Nxg2 45. Kxg2 Be2 46. Na3 Kd4 47. Kf2 Bd3 48. Ke1 Ke3 49. e5 Kxf3 50. e6 Kg2 51. e7 Bg6 52. Kd2 f3 0-1

[Event "BLR-ch U20 Boys 2021"]
[Site "Minsk"]
[Date "2021.04.21"]
[Round "6.1"]
[White "Zarubitski, Viachaslau"]
[Black "Silich, Yahor"]
[Result "1-0"]
[ECO "E73"]
[WhiteElo "2456"]
[BlackElo "2325"]
[Annotator "ChessBase"]
[PlyCount "49"]
[EventDate "2021.04.20"]
[EventType "tourn"]
[EventCountry "BLR"]
[SourceTitle "playchess.com"]
[Source "ChessBase"]
[SourceQuality "1"]
[TimeControl "40/5400+30:1800+30"]

1. d4 Nf6 2. c4 g6 3. Nc3 Bg7 4. e4 d6 5. Be2 O-O 6. h4 Nc6 7. d5 Ne5 8. h5 e6 9. f4 Ned7 10. dxe6 fxe6 11. hxg6 hxg6 12. Qd3 e5 13. f5 Nc5 14. Qh3 Ncxe4 15. Nxe4 Bxf5 16. Nxf6+ Qxf6 17. g4 Be4 18. Rh2 g5 19. Nf3 Bg6 20. Bxg5 Qf7 21. Bh6 e4 22. Ng5 Qf6 23. Bxg7 Qxg7 24. O-O-O Rae8 25. c5 1-0

[Event "BLR-ch U20 Boys 2021"]
[Site "Minsk"]
[Date "2021.04.21"]
[Round "6.2"]
[White "Galkin, Gleb"]
[Black "Runets, Ivan"]
[Result "1-0"]
[ECO "E06"]
[WhiteElo "2225"]
[BlackElo "2257"]
[Annotator "NA"]
[PlyCount "63"]
[EventDate "2021.04.20"]
[EventType "tourn"]
[EventCountry "BLR"]
[SourceTitle "playchess.com"]
[Source "ChessBase"]
[SourceQuality "1"]
[TimeControl "40/5400+30:1800+30"]

1. d4 Nf6 2. c4 e6 3. Nf3 d5 4. Nc3 Be7 5. g3 O-O 6. Bg2 dxc4 7. Ne5 Nc6 8. Bxc6 bxc6 9. Nxc6 Qe8 10. Nxe7+ Qxe7 11. Qa4 e5 12. dxe5 Qxe5 13. Qxc4 Bh3 14. Bf4 Qh5 15. O-O-O Be6 16. Qc6 Rab8 17. Be3 Qa5 18. Rd4 Rb6 19. Qa4 Qa6 20. Rhd1 Qc8 21. Qxa7 Rb8 22. Bf4 Rb7 23. Qa6 Rb8 24. Qxc8 Rbxc8 25. f3 c6 26. e4 Ra8 27. b3 Rfc8 28. Na4 c5 29. R4d2 c4 30. Nb6 cxb3+ 31. Nxc8 g5 32. Ne7+ 1-0

[Event "BLR-ch U20 Boys 2021"]
[Site "Minsk"]
[Date "2021.04.21"]
[Round "6.3"]
[White "Bialiauski, Artsiom"]
[Black "Tsaruk, Maksim"]
[Result "0-1"]
[ECO "D02"]
[WhiteElo "2077"]
[BlackElo "2306"]
[Annotator "NA"]
[PlyCount "58"]
[EventDate "2021.04.20"]
[EventType "tourn"]
[EventCountry "BLR"]
[SourceTitle "playchess.com"]
[Source "ChessBase"]
[SourceQuality "1"]
[TimeControl "40/5400+30:1800+30"]

1. Nf3 Nf6 2. g3 Nc6 3. d4 d5 4. Bg2 Bf5 5. O-O e6 6. c4 Be7 7. Nc3 dxc4 8. Ne5 O-O 9. Nxc6 bxc6 10. Qa4 Qxd4 11. Be3 Qd6 12. Qxc6 Rab8 13. Qxc4 Rxb2 14. Rfd1 Rb4 15. Rxd6 Rxc4 16. Rc6 Rxc6 17. Bxc6 a6 18. f3 e5 19. Nd5 Nxd5 20. Bxd5 Rb8 21. a4 Rb1+ 22. Rxb1 Bxb1 23. Bd2 Bc2 24. a5 Ba4 25. Bc3 c6 26. Bc4 Bb5 27. Bxb5 cxb5 28. Bxe5 Bb4 29. Bc7 Bd2 0-1

[Event "BLR-ch U20 Boys 2021"]
[Site "Minsk"]
[Date "2021.04.21"]
[Round "6.4"]
[White "Lazavik, Denis"]
[Black "Siniauski, Artsiom"]
[Result "1/2-1/2"]
[ECO "A30"]
[WhiteElo "2438"]
[BlackElo "2277"]
[Annotator "NA"]
[PlyCount "60"]
[EventDate "2021.04.20"]
[EventType "tourn"]
[EventCountry "BLR"]
[SourceTitle "playchess.com"]
[Source "ChessBase"]
[SourceQuality "1"]
[TimeControl "40/5400+30:1800+30"]

1. Nf3 Nf6 2. c4 e6 3. g3 b6 4. Bg2 Bb7 5. O-O c5 6. Nc3 Be7 7. Re1 d5 8. cxd5 Nxd5 9. Nxd5 Qxd5 10. d4 cxd4 11. Qxd4 Qxd4 12. Nxd4 Bxg2 13. Kxg2 Nd7 14. Be3 Bc5 15. Red1 e5 16. Nf5 g6 17. Bxc5 Nxc5 18. Ne3 Rd8 19. b4 Ne6 20. Ng4 Rd4 21. Nxe5 Rxb4 22. a4 Re4 23. Nc6 Rxe2 24. a5 bxa5 25. Rxa5 O-O 26. Rxa7 Rc2 27. Nd4 Nxd4 28. Rxd4 Kg7 29. h4 h5 30. Rf4 Rc6 1/2-1/2